 Dungeon Crawl Stone Soup version 0.28-a0-1518-gbe868bca14 (webtiles) character file.

Game seed: 10272338399723483939

48 hashsling the Conjurer (level 4, -4/30 HPs)
             Began as a Human Wanderer on Jan 16, 2022.
             Slain by an orc (5 damage)
             ... on level 3 of the Dungeon.
             The game lasted 00:06:13 (2272 turns).

hashsling the Conjurer (Human Wanderer)             Turns: 2272, Time: 00:06:15

Health: -4/30      AC:  2    Str:  9    XL:     4   Next: 0%
Magic:  1/8        EV: 10    Int: 15    God:
Gold:   35         SH:  4    Dex: 15    Spells: 5/8 levels left

rFire   . . .      SeeInvis .   a - +0 hunting sling
rCold   . . .      Faith    .   c - +0 buckler
rNeg    . . .      Spirit   .   d - +0 robe
rPois   .          Reflect  .   (no helmet)
rElec   .          Harm     .   (no cloak)
rCorr   .          Rampage  .   (no gloves)
Will    .....                   (no boots)
Stlth   +.........              (no amulet)
HPRegen 0.10/turn               (no ring)
MPRegen 0.11/turn               (no ring)

@: very slightly contaminated
A: no striking features
a: no special abilities


You were on level 3 of the Dungeon.
You visited 1 branch of the dungeon, and saw 3 of its levels.

You collected 35 gold pieces.

Inventory:

Hand Weapons
 a - a +0 hunting sling (weapon)
 p - a +0 flail
Missiles
 b - 10 sling bullets (quivered ammo)
 e - 94 stones
Armour
 c - a +0 buckler (worn)
 d - a +0 robe (worn)
Jewellery
 l - a +6 ring of strength
Scrolls
 f - a scroll of noise {unknown}
 h - a scroll of torment {unknown}
 j - a scroll of blinking {unknown}
 k - a scroll of identify {unknown}
 m - a scroll of amnesia {unknown}
 n - a scroll of fog {unknown}
 q - 3 scrolls of enchant armour {unknown}
Potions
 g - a potion of degeneration {unknown}
 i - 2 potions of haste {unknown}
 o - a potion of heal wounds {unknown}
 r - 2 potions of cancellation {unknown}


   Skills:
 - Level 3.0 Slings
 - Level 1.0 Armour
 - Level 1.0 Shields
 + Level 2.9 Spellcasting
 + Level 3.9 Conjurations


You had 5 spell levels left.
You knew the following spells:

 Your Spells              Type           Power      Damage    Failure   Level
a - Magic Dart            Conj           52%        1d5       5%          1
b - Static Discharge      Conj/Air       8%         N/A       19%         2

Your spell library contained the following spells:

 Spells                   Type           Power      Damage    Failure   Level
 Shock                    Conj/Air       32%        1d5       12%         1
 Swiftness                Air            2%         N/A       63%         3
 Sticky Flame             Conj/Fire      8%         2d3       77%         4
 Airstrike                Air            1%         N/A       95%         4


Dungeon Overview and Level Annotations

Branches:
Dungeon (3/15)

Altars:


Message History

Confirm with . or Enter, or press ? or * to list all spells.
You miscast Static Discharge.
You are very lightly contaminated with residual magic.
Nothing appears to happen.
The quokka bites you but does no damage.
You block the orc's attack. The quokka bites you.
Casting: Static Discharge (safe; 19% risk of failure)
Confirm with . or Enter, or press ? or * to list all spells.
You don't have enough magic to cast this spell.
You are too injured to fight recklessly!
You are too injured to fight recklessly!
Unknown command.
Fire: 13 sling bullets
Press: ? - help, Q - select action, (/) - cycle Shift-Dir - straight line, f/p - orc
Aim: an orc, wielding a +0 trident and wearing a +0 chain mail (lightly wounded, 67% to hit)
You shoot a sling bullet. The sling bullet hits the quokka.
You kill the quokka!
The orc hits you from afar with a +0 trident.
* * * LOW HITPOINT WARNING * * *
You have reached level 4!
You feel agile.
Fire: 12 sling bullets
Press: ? - help, Q - select action, (/) - cycle Shift-Dir - straight line, f/p - orc
Aim: an orc, wielding a +0 trident and wearing a +0 chain mail (lightly wounded, 67% to hit)
You shoot a sling bullet. The sling bullet barely misses the orc.
The orc hits you from afar with a +0 trident.
* * * LOW HITPOINT WARNING * * *
An orc comes into view. It is wielding a +0 dagger.
Fire: 11 sling bullets
Press: ? - help, Q - select action, (/) - cycle Shift-Dir - straight line, f/p - orc
Aim: an orc, wielding a +0 trident and wearing a +0 chain mail (lightly wounded, 67% to hit)
You shoot a sling bullet. The orc shouts!
The sling bullet hits the orc but does no damage.
The orc is lightly wounded.
You hear a shout!
The orc hits you from afar with a +0 trident.
* * * LOW HITPOINT WARNING * * *
The orc hits you from afar with a +0 trident.
You die...

######## ###......#
##### ..'......#
###...##
###......###...#@.#
###......#...####(o(#
#....#♣♣...♣##
.♣.(...
..##.........# P.
o(##
####..P.♣P......♣P§P
...
#.♣.P.#♣.♣♣..§§♣.♣ ..
#.♣♣P#+ ♣.♣ .♣§P.. .
###..♣♣## ♣.. ♣.♣♣♣.
)<#.#♣ ♣..


You could see 2 orcs.

Vanquished Creatures
  A worm (D:2)
  A dart slug (D:1)
  2 orcs (D:3)
  3 ball pythons (D:1)
  4 endoplasms
  2 giant cockroaches (D:1)
  4 goblins (D:1)
  7 hobgoblins
  2 quokkas
  A bat (D:2)
  5 frilled lizards
  A kobold (D:3)
  5 rats
38 creatures vanquished.

Vanquished Creatures (others)
  5 plants
5 creatures vanquished.

Grand Total: 43 creatures vanquished

Notes
Turn   | Place    | Note
-------+----------+-------------------------------------------
     0 | D:1      | hashsling the Human Wanderer began the quest for the Orb.
     0 | D:1      | hashsling set off with the following items: a +0 hunting
                  | sling, 17 sling bullets, a +0 buckler, a +0 robe; and the
                  | following spell memorised: Magic Dart; and the following
                  | spells available to memorise: Static Discharge, Sticky
                  | Flame
     0 | D:1      | Reached XP level 1. HP: 13/13 MP: 3/3
   329 | D:1      | Reached XP level 2. HP: 14/19 MP: 0/5
   437 | D:1      | Learned a level 2 spell: Static Discharge
   719 | D:1      | Reached XP level 3. HP: 24/24 MP: 2/6
  2271 | D:3      | Reached XP level 4. HP: 9/30 MP: 0/8
  2272 | D:3      | HP: 1/30 [orc (4)]
  2272 | D:3      | Slain by an orc

Illustrated notes

Levels and vault maps discovered:
D:1:      minmay_arrival_up_and_down, layout_basic, serial_bayou_pond_b
D:2:      layout_loops_ring
D:3:      wad_woods_tower, layout_basic,
          dreamdust_ecumenical_altar_angels_and_demons, minmay_misc_feat_room

Action                   |  1- 3 |  4- 6 || total
-------------------------+-------+-------++-------
 Fire: Hunting sling     |    22 |     2 ||    24
 Cast: Magic Dart        |    74 |       ||    74
       Static Discharge  |     2 |       ||     2
Armor: Robe              |     2 |       ||     2
Dodge: Dodged            |     3 |       ||     3
Block: Buckler           |     4 |       ||     4

Table legend: (Time is in decaauts)
 A = Elapsed time spent in this place.
 B = Non-inter-level travel time spent in this place.
 C = Inter-level travel time spent in this place.
 D = Time resting spent in this place.
 E = Time spent auto-exploring this place.
 F = Levels seen in this place.
 G = Mean time per level.
                   A        B        C        D        E       F      G
               +--------+--------+--------+--------+--------+-----+--------+
         Total |   2276 |   2198 |     78 |      0 |   1993 |   3 |  758.7 |
       Dungeon |   2276 |   2198 |     78 |      0 |   1993 |   3 |  758.7 |
               +--------+--------+--------+--------+--------+-----+--------+

Top non-repeatable levels by time:
     D:1: 1316 daAuts
     D:2: 788 daAuts
     D:3: 171 daAuts
